 Dungeon Crawl Stone Soup version 0.29-a0-577-gafbf2c5d25 (webtiles) character file.

Game seed: 8934757669943291037

2 DocClef the Sneak (level 1, -1/19 HPs)
             Began as a Draconian Delver on June 13, 2022.
             Slain by an adder (3 damage)
             ... on level 4 of the Dungeon.
             The game lasted 00:00:16 (195 turns).

DocClef the Sneak (Draconian Delver)                 Turns: 195, Time: 00:00:17

Health: -1/19      AC:  4    Str: 14    XL:     1   Next: 25%
Magic:  1/1        EV: 12    Int: 10    God:
Gold:   0          SH:  0    Dex: 12    Spells: 0/0 levels left

rFire   . . .      SeeInvis .   a - +0 short sword
rCold   . . .      Faith    .   (no shield)
rNeg    . . .      Spirit   .   (body armour unavailable)
rPois   .          Reflect  .   (helmet restricted)
rElec   .          Harm     .   (no cloak)
rCorr   .          Rampage  .   (no gloves)
Will    .....                   (no boots)
Stlth   +++.......              (no amulet)
HPRegen 0.06/turn               (no ring)
MPRegen 0.07/turn               (no ring)

@: no status effects
A: AC +4, unfitting armour, cold-blooded
a: no special abilities


You were on level 4 of the Dungeon.
You visited 1 branch of the dungeon, and saw 2 of its levels.

Inventory:

Hand Weapons
 a - a +0 short sword (weapon)
Wands
 f - a wand of digging (3)
Scrolls
 b - a scroll of fog
 c - a scroll of magic mapping
 d - a scroll of fear
 g - a scroll of amnesia {unknown}
 i - a scroll of identify {unknown}
Potions
 e - a potion of haste
 h - a potion of flight {unknown}


   Skills:
 + Level 3.3 Fighting
 + Level 2.0 Short Blades
 + Level 1.8 Dodging
 + Level 4.5 Stealth


You couldn't memorise any spells.
You didn't know any spells.
Your spell library was empty.

Dungeon Overview and Level Annotations

Branches:
Dungeon (5/15)
 Temple: D:4-7

Altars:
Sif Muna


Innate Abilities, Weirdness & Mutations

Your plain brown scales are hard. (AC +4)
You cannot fit into any form of body armour.
You are cold-blooded and may be slowed by cold attacks.


Message History

HP restored.
i - a scroll labelled WEUGILYIPI An adder comes into view.
An adder is nearby!
An adder is nearby!
An adder is nearby!
A scorpion comes into view.
The adder hisses angrily.
The adder bites you.
You closely miss the adder. The adder bites you.
You hit the adder.
The adder is lightly wounded.
The adder bites you but does no damage.
You barely miss the adder.
The adder is lightly wounded.
The adder bites you. The adder misses you.
The adder bites you but does no damage. The adder barely misses you.
The adder attacks as you move away! The adder bites you.
You are poisoned.
The adder poisons you!
You feel sick.
You closely miss the adder.
The adder is lightly wounded.
You feel sick.
The adder bites you but does no damage. x2
You hit the adder. You tail-slap the adder.
The adder is severely wounded.
You feel sick. The adder bites you.
* * * LOW HITPOINT WARNING * * *
You closely miss the adder.
The adder is severely wounded.
You feel sick. The adder misses you.
You closely miss the adder.
The adder is heavily wounded.
You feel sick. The adder misses you.
You completely miss the adder.
The adder is heavily wounded.
You feel sick.
You are no longer poisoned.
The adder bites you.
You die...

#....#....#.##.### #..
#.......##.......#
#..#.###.#..##)##.......#
##......<...###..#.......#
###...#........##..........#
....#..........[...........#
........#######.#..........#
.......######.....#........#
#....S@..#.....##......
##..#########...#......
.........# #..#........
...#....... ....###. ....
....###..... #.... .. .....
#...s.#..##. # ##..
#.......# #. #......# ##
#.....##


You could see an adder.

Vanquished Creatures
  An endoplasm (D:4)
  A kobold (D:4)
2 creatures vanquished.

Notes
Turn   | Place    | Note
-------+----------+-------------------------------------------
     0 | D:5      | DocClef the Draconian Delver began the quest for the Orb.
     0 | D:5      | Reached XP level 1. HP: 19/19 MP: 1/1
     6 | D:5      | Found a shimmering blue altar of Sif Muna.
    12 | D:5      | Noticed an orc wizard
   181 | D:4      | Noticed a scorpion
   195 | D:4      | Slain by an adder

Illustrated notes

Levels and vault maps discovered:
D:4:      layout_rooms, zin_treasury, riverfiend_overflow_shadow_ancestor
D:5:      layout_basic, mainiacjoe_overflow_small_starburst, uniq_blork_the_orc,
          uniq_grinder

Action                   || total
-------------------------++-------
Melee: Short sword       ||    16
       Tailslap          ||     1
Armor: Skin              ||     5
Dodge: Dodged            ||     6

Table legend: (Time is in decaauts)
 A = Elapsed time spent in this place.
 B = Non-inter-level travel time spent in this place.
 C = Inter-level travel time spent in this place.
 D = Time resting spent in this place.
 E = Time spent auto-exploring this place.
 F = Levels seen in this place.
 G = Mean time per level.
                   A        B        C        D        E       F      G
               +--------+--------+--------+--------+--------+-----+--------+
         Total |    194 |    189 |      5 |      0 |    141 |   2 |   97.0 |
       Dungeon |    194 |    189 |      5 |      0 |    141 |   2 |   97.0 |
               +--------+--------+--------+--------+--------+-----+--------+

Top non-repeatable levels by time:
     D:4: 165 daAuts
     D:5: 29 daAuts
